 Dungeon Sprint DCSS version 0.19.5 (webtiles) character file.

21245 Groucho the Severer (level 12, -9/127 HPs)
             Began as a Minotaur Gladiator on Mar 1, 2017.
             Was the Champion of Okawaru.
             Mangled by an ettin
             ... wielding a +0 dire flail
              (32 damage)
             ... in the Dungeon (Sprint IX: "|||||||||||||||||||||||||||||").
             The game lasted 00:11:51 (3663 turns).

Groucho the Severer (Minotaur Gladiator)            Turns: 3663, Time: 00:11:51

Health: -9/127     AC: 22    Str: 24    XL:     12   Next: 52%
Magic:  16/19      EV: 22    Int:  8    God:    Okawaru [******]
Gold:   711        SH:  0    Dex: 15    Spells: 0 memorised, 11 levels left

rFire  . . .     SeeInvis .     B - +2 battleaxe (freeze)
rCold  . . .     Gourm    .     A - +1 chain mail {rPois}
rNeg   . . .     Faith    .     (shield currently unavailable)
rPois  +         Spirit   .     v - +1 hat {MR+}
rElec  .         Reflect  .     q - +0 cloak
rCorr  .         Harm     .     y - +0 pair of gloves
MR     +....     NoTele   +     (no boots)
Stlth  ..........               (no amulet)
                                r - +3 ring of dexterity
                                b - +3 ring of intelligence

@: heroism, finesse
A: retaliatory headbutt, horns 2
a: Heroism, Finesse, Renounce Religion


You were in the Dungeon.
You worshipped Okawaru.
Okawaru was exalted by your worship.
You were not hungry.

You visited 1 branch You collected 1915 gold pieces.
You spent 1204 gold pieces at shops.

Inventory:

Hand Weapons
 B - a +2 battleaxe of freezing (weapon)
Missiles
 a - 5 silver tomahawks
 d - 3 throwing nets (quivered)
 z - 4 javelins
Armour
 q - a +0 cloak (worn)
 v - a +1 hat of magic resistance (worn)
 y - a +0 pair of gloves (worn)
 A - a +1 chain mail of poison resistance (worn)
Jewellery
 b - a +3 ring of intelligence (left hand)
 r - a +3 ring of dexterity (right hand)
 D - an uncursed ring of see invisible
 E - an uncursed ring of protection from cold
Wands
 o - a wand of acid (2/15)
Scrolls
 k - 3 scrolls of blinking
 m - 3 scrolls of remove curse
 n - 2 scrolls of amnesia
 p - a scroll of brand weapon
 s - a scroll of fog
 t - 7 scrolls of enchant weapon
 u - 4 scrolls of enchant armour
 C - a scroll of recharging
 G - 3 scrolls of fear
Potions
 e - 8 potions of curing
 f - a potion of resistance
 g - 4 potions of heal wounds
 h - 2 potions of brilliance
 i - 4 potions of magic
 j - a potion of berserk rage
 l - 3 potions of might
 F - a potion of agility
Comestibles
 c - 39 fruits
 w - 12 bread rations
 x - 11 meat rations


   Skills:
 + Level 17.7(22.7) Fighting
 + Level 18.0(23.0) Axes
 - Level 2.0(7.0) Throwing
 + Level 17.4(22.4) Armour
 + Level 16.5(21.5) Dodging
 - Level 11.3 Invocations


You had 11 spell levels left.
You didn't know any spells.

Dungeon Overview and Level Annotations

Branches:
Dungeon (1/1)

Altars:
Cheibriados
Dithmenos
Elyvilon
Fedhas
Gozag
Hepliaklqana
Kikubaaqudgha
Makhleb
Nemelex Xobeh
Okawaru
Qazlal
Ru
Sif Muna
Trog
Uskayaw
Vehumet
Xom
Yredelemnul
Zin
The Shining One
Beogh
Jiyva
Lugonu

Shops:
D }*(?


Innate Abilities, Weirdness & Mutations

You reflexively headbutt those who attack you in melee.
You have a pair of horns on your head.


Message History

Unknown command.
You carve the fire dragon like a ham!!! You freeze the fire dragon.
The fire dragon is almost dead.
The fire dragon breathes flames at you. The blast of flame hits you!
Unknown command.
You barely miss the fire dragon.
The fire dragon is almost dead.
You slice the fire dragon!! You freeze the fire dragon!
You kill the fire dragon!
Okawaru is honoured by your kill.
Your base Axes skill increases to level 18!
The ettin completely misses you. You furiously retaliate!
You headbutt the ettin! The ettin hits you but does no damage.
You hit the ettin but do no damage. You headbutt the ettin.
The ettin is lightly wounded.
The ettin hits you with a dire flail!!
* * * LOW HITPOINT WARNING * * *
The ettin hits you with a dire flail!!
You die...

..'..[[[...'.()[......†.†......÷.
▓▓▓▓▓▓▓▓▓▓▓▓▓▓▓▓▓▓▓▓▓▓▓▓▓▓▓▓▓▓▓▓▓
.............[..((....)........(.
▓▓▓▓▓▓▓▓▓▓▓▓▓▓▓▓▓▓▓▓▓▓▓▓▓▓▓▓▓▓▓▓▓
.......'.....∩[∩)∩)∩.))).[....)))
▓▓▓▓▓▓▓▓▓▓▓▓▓▓▓▓▓▓▓▓▓▓▓▓▓▓▓▓▓▓▓▓▓
.................................
▓▓▓▓▓▓▓▓▓▓▓▓▓▓▓▓▓▓▓▓▓▓▓▓▓▓▓▓▓▓▓▓▓
......C@())†))'(........
▓▓▓▓▓▓▓▓▓▓▓▓▓▓▓▓▓▓▓▓▓▓▓▓


You could see an ettin.

Vanquished Creatures
  A vampire knight (D)
  A fire dragon (D)
  An ettin (D)
  An ice dragon (D)
  A hydra (D)
  4 ogre magi (D)
  A centaur warrior (D)
  A deep troll shaman (D)
  An orc high priest (D)
  Urug (D)
  Sonja (D)
  A deep troll (D)
  A glowing orange brain (D)
  4 hill giants (D)
  An ugly thing (D)
  Joseph (D)
  2 black mambas (D)
  3 spiny frogs (D)
  A yaktaur (D)
  2 komodo dragons (D)
  5 trolls (D)
  3 tyrant leeches (D)
  A blink frog (D)
  4 hippogriffs (D)
  A shadow (D)
  A basilisk (D)
  A yak (D)
  2 hungry ghosts (D)
  A vampire mosquito (D)
  A soldier ant (D)
  A porcupine (D)
  15 orc warriors (D)
  An ogre (D)
  A phantom (D)
  2 centaurs (D)
  4 crocodiles (D)
  3 bullfrogs (D)
  A jelly (D)
  2 orc wizards (D)
  4 orc priests (D)
  An adder (D)
  An adder skeleton (D)
  A leopard gecko (D)
  4 orcs (D)
  A ball python (D)
  A bat (D)
  A bat skeleton (D)
  A bat zombie (D)
  2 quokkas (D)
  A frilled lizard (D)
  A jackal skeleton (D)
  A kobold (D)
  A leopard gecko zombie (D)
  A rat (D)
102 creatures vanquished.

Vanquished Creatures (others)
  A shadow imp (D)
1 creature vanquished.

Grand Total: 103 creatures vanquished

Notes
Turn   | Place    | Note
-------+----------+-------------------------------------------
     0 | D        | Groucho the Minotaur Gladiator began the quest for the Orb.
     0 | D        | Reached XP level 1. HP: 18/18 MP: 0/0
     5 | D        | Reached skill level 4 in Axes
     8 | D        | Reached skill level 1 in Armour
   309 | D        | Reached XP level 2. HP: 26/26 MP: 1/1
   311 | D        | Reached skill level 5 in Axes
   324 | D        | Found a roughly hewn altar of Beogh.
   324 | D        | Found a snail-covered altar of Cheibriados.
   324 | D        | Found a shadowy altar of Dithmenos.
   324 | D        | Found a white marble altar of Elyvilon.
   324 | D        | Found a blossoming altar of Fedhas.
   324 | D        | Found an opulent altar of Gozag.
   325 | D        | Found a hazy altar of Hepliaklqana.
   326 | D        | Found a viscous altar of Jiyva.
   327 | D        | Found an ancient bone altar of Kikubaaqudgha.
   328 | D        | Found a corrupted altar of Lugonu.
   329 | D        | Found a burning altar of Makhleb.
   330 | D        | Found a sparkling altar of Nemelex Xobeh.
   331 | D        | Found an iron altar of Okawaru.
   332 | D        | Found a stormy altar of Qazlal.
   333 | D        | Found a sacrificial altar of Ru.
   334 | D        | Found a deep blue altar of Sif Muna.
   335 | D        | Found a bloodstained altar of Trog.
   336 | D        | Found a hide-covered altar of Uskayaw.
   337 | D        | Found a radiant altar of Vehumet.
   338 | D        | Found a shimmering altar of Xom.
   339 | D        | Became a worshipper of Warmaster Okawaru
   340 | D        | Found a basalt altar of Yredelemnul.
   341 | D        | Found a glowing silver altar of Zin.
   342 | D        | Found a glowing golden altar of the Shining One.
   390 | D        | Noticed a centaur
   390 | D        | Noticed a phantom
   390 | D        | Noticed an ogre
   390 | D        | Noticed a hippogriff
   399 | D        | Killed a hippogriff
   399 | D        | Reached skill level 7 in Axes
   399 | D        | Reached skill level 5 in Armour
   399 | D        | Reached XP level 3. HP: 38/38 MP: 1/5
   399 | D        | Reached XP level 4. HP: 45/45 MP: 1/6
   399 | D        | Reached XP level 5. HP: 51/51 MP: 1/7
   404 | D        | Killed an ogre
   404 | D        | Reached skill level 8 in Axes
   404 | D        | Reached skill level 5 in Invocations
   404 | D        | Reached XP level 6. HP: 60/60 MP: 1/8
   409 | D        | Reached * piety under Okawaru
   414 | D        | Reached skill level 9 in Axes
   649 | D        | Noticed a hungry ghost
   649 | D        | Noticed a soldier ant
   649 | D        | Noticed a centaur warrior
   655 | D        | Killed a centaur warrior
   655 | D        | Reached ** piety under Okawaru
   655 | D        | Reached *** piety under Okawaru
   655 | D        | Reached **** piety under Okawaru
   655 | D        | Reached skill level 10 in Fighting
   655 | D        | Reached skill level 10 in Axes
   655 | D        | Reached XP level 7. HP: 31/72 MP: 7/11
   655 | D        | Reached XP level 8. HP: 34/79 MP: 7/12
   662 | D        | Reached skill level 11 in Axes
  1137 | D        | Noticed a komodo dragon
  1137 | D        | Noticed a hippogriff
  1142 | D        | Noticed an eight-headed hydra
  1143 | D        | Killed a hippogriff
  1143 | D        | Reached skill level 10 in Armour
  1143 | D        | Reached skill level 10 in Dodging
  1156 | D        | Noticed a spiny frog
  1156 | D        | Killed a komodo dragon
  1162 | D        | Reached XP level 9. HP: 45/89 MP: 11/14
  1163 | D        | Reached ***** piety under Okawaru
  1164 | D        | Killed an eight-headed hydra
  1164 | D        | Received a gift from Okawaru
  1164 | D        | Reached skill level 12 in Axes
  1179 | D        | Killed a spiny frog
  1744 | D        | Noticed a black mamba
  1744 | D        | Noticed a spiny frog
  1747 | D        | Noticed a black mamba
  1754 | D        | Reached skill level 10 in Invocations
  1756 | D        | Noticed a komodo dragon
  1771 | D        | Killed a spiny frog
  1771 | D        | Reached skill level 13 in Axes
  1771 | D        | Reached XP level 10. HP: 100/100 MP: 9/16
  1775 | D        | Killed a black mamba
  1776 | D        | Killed a black mamba
  1936 | D        | Noticed a spiny frog
  1944 | D        | Killed a spiny frog
  1966 | D        | Reached skill level 14 in Axes
  2192 | D        | Noticed Urug
  2205 | D        | Killed Urug
  2237 | D        | Noticed Sonja
  2249 | D        | Killed Sonja
  2525 | D        | Noticed Joseph
  2536 | D        | Killed Joseph
  2536 | D        | Reached XP level 11. HP: 111/111 MP: 16/18
  2577 | D        | Noticed an orc high priest
  2601 | D        | Killed an orc high priest
  2601 | D        | Reached skill level 15 in Axes
  3118 | D        | Reached skill level 15 in Fighting
  3274 | D        | Found Lytapheh's Magic Scroll Boutique.
  3274 | D        | Noticed a hill giant
  3274 | D        | Noticed a hill giant
  3274 | D        | Noticed an ogre mage
  3274 | D        | Noticed an ogre mage
  3277 | D        | Noticed a hill giant
  3278 | D        | Killed an ogre mage
  3283 | D        | Received a gift from Okawaru
  3284 | D        | Found Qaoschesh's Antique Weapon Shop.
  3285 | D        | Killed an ogre mage
  3285 | D        | Reached skill level 15 in Armour
  3287 | D        | Killed a hill giant
  3287 | D        | Reached skill level 16 in Axes
  3292 | D        | Killed a hill giant
  3296 | D        | Found Yluatep's Assorted Antiques.
  3299 | D        | Killed a hill giant
  3300 | D        | Noticed an ogre mage
  3301 | D        | Found Ettur's Gadget Shop.
  3302 | D        | Noticed an ogre mage
  3302 | D        | Noticed a hill giant
  3303 | D        | Noticed a deep troll
  3307 | D        | Killed an ogre mage
  3307 | D        | Reached skill level 15 in Dodging
  3314 | D        | Killed an ogre mage
  3320 | D        | Killed a hill giant
  3327 | D        | Killed a deep troll
  3330 | D        | Reached XP level 12. HP: 84/124 MP: 15/19
  3373 | D        | Got a bloodstained scale mail {god gift}
  3384 | D        | Identified the +0 scale mail of Gluttony {rCorr Int+2} (Okawaru gifted it to you in the Dungeon)
  3415 | D        | Bought a glowing battleaxe for 350 gold pieces
  3419 | D        | Bought a scroll of enchant weapon for 97 gold pieces
  3419 | D        | Bought a scroll of brand weapon for 260 gold pieces
  3451 | D        | Bought a scroll of enchant armour for 187 gold pieces
  3451 | D        | Bought a scroll of enchant armour for 187 gold pieces
  3455 | D        | Bought a scroll of recharging for 123 gold pieces
  3606 | D        | Reached skill level 17 in Axes
  3614 | D        | Noticed a vampire knight
  3618 | D        | Noticed an ettin
  3620 | D        | Noticed a deep troll shaman
  3627 | D        | Noticed an ice dragon
  3632 | D        | Killed a vampire knight
  3634 | D        | Killed an ettin
  3635 | D        | Noticed a fire dragon
  3637 | D        | Noticed an ettin
  3638 | D        | Killed a deep troll shaman
  3648 | D        | Killed an ice dragon
  3648 | D        | Reached ****** piety under Okawaru
  3654 | D        | Received a gift from Okawaru
  3661 | D        | Killed a fire dragon
  3661 | D        | Reached skill level 18 in Axes
  3663 | D        | Mangled by an ettin

Skill      XL: |  1  2  3  4  5  6  7  8  9 10 11 12 |
---------------+-------------------------------------+-----
Axes           | 4 7 8 10 11 13 14 16 18 | 18.0
Armour         | 1 5 6 9 10 12 13 16 17 | 17.4
Fighting       | 3 6 7 10 11 12 14 16 17 | 17.7
Dodging        | 6 7 9 10 11 13 15 16 | 16.5
Invocations    | 4 5 7 8 10 11 | 11.3
Throwing       | |  2.0

Action                   |  1- 3 |  4- 6 |  7- 9 | 10-12 || total
-------------------------+-------+-------+-------+-------++-------
Melee: War axe           |    17 |       |       |       ||    17
       Headbutt          |     4 |     6 |    17 |    68 ||    95
       Broad axe         |     6 |    22 |    59 |   188 ||   275
       Punch             |       |     1 |     1 |     4 ||     6
       Battleaxe         |       |       |       |    51 ||    51
Invok: Heroism           |       |     1 |     2 |     9 ||    12
       Finesse           |       |       |     2 |     6 ||     8
Evoke: Wand              |       |       |     5 |       ||     5
  Use: Potion            |     3 |       |     2 |     1 ||     6
       Scroll            |       |       |     1 |       ||     1
 Stab: Invisible         |     1 |     3 |       |       ||     4
  Eat: Bread ration      |       |       |     1 |       ||     1
       Fruit             |       |       |       |     1 ||     1
       Meat ration       |       |       |       |     1 ||     1
Armor: Leather armour    |     3 |       |       |       ||     3
       Chain mail        |     9 |     7 |    20 |    36 ||    72
Dodge: Dodged            |    18 |    10 |    33 |    99 ||   160
